Description

Drop with 2 mines or 14 marins..

Replay - ShoWTimE v SpeCial: Game 2 - Echo LE (Void)

Build Order

Get SALT Encoding   

  12  0:00  SCV  
  13  0:13  SCV  
  14  0:18  Supply Depot  
  14  0:25  SCV  
  15  0:28  Refinery  
  15  0:39  SCV  
  16  0:44  Barracks  
  16  0:51  SCV  
  17  1:03  SCV  
  18  1:15  SCV  
  19  1:31  Reaper, Orbital Command  
  20  1:42  Command Center  
  20  1:53  Factory  
  20  1:57  SCV  
  21  2:04  Refinery  
  21  2:08  Barracks Reactor  
  21  2:09  SCV  
  21  2:15  Supply Depot  
  22  2:21  SCV  
  24  2:38  Starport  
  24  2:44  Marine x2  
  24  2:45  Widow Mine  
  29  2:56  Orbital Command  
  29  3:02  Marine x2  
  32  3:14  Medivac  
  32  3:15  Widow Mine  
  32  3:19  Marine x2  
  37  3:26  Supply Depot  
  41  3:37  Marine x2  
  44  3:47  Factory Tech Lab, Starport Tech Lab  
  44  3:55  Marine x2, Supply Depot  
  47  4:03  Barracks  
  47  4:08  Raven  
  53  4:17  Siege Tank  
  53  4:18  Supply Depot  
  59  4:45  Refinery x2  
  59  4:46  Engineering Bay  
  59  4:51  Siege Tank  
  64  4:59  Barracks  
  64  5:01  Stimpack  
  66  5:13  Terran Infantry Weapons Level 1  
  69  5:18  Starport Reactor  
  71  5:31  Marauder  
  77  5:37  Factory Reactor  
  79  5:53  Marauder x2  
  83  5:58  Combat Shields  
  83  6:03  Medivac x2  
  88  6:11  Missile Turret  
  88  6:16  Marauder x2  
  94  6:21  Widow Mine x2  
  97  6:44  Medivac x2  
  101  6:51  Widow Mine x2  
  109  7:02  Command Center  
  105  7:19  Viking x2  
  105  7:20  Widow Mine x2  
  113  7:28  Marauder x2  
  115  7:52  Marauder x2  
  117  7:59  Viking x2  
  117  8:04  Barracks x2  
  110  8:15  Marauder  
  114  8:25  Starport  
  113  8:29  Viking, Orbital Command  
  119  8:38  Viking  
  125  8:55  Barracks Tech Lab, Barracks Reactor  
  123  8:59  Viking x3  
  135  9:11  Terran Infantry Armor Level 1  
  135  9:14  Liberator x3  
  135  9:17  Armory  
  135  9:21  Engineering Bay  
  135  9:25  Concussive Shells  
  135  9:26  Refinery x2  
  141  9:37  Liberator  
Spawning Tool Build Advisor. Get it on Overwolf

Go to:

Details

  • Created by: Morwidsc_2
  • Published on: Sep 20, 2017
  • Modified on: Sep 20, 2017
  • Patch: 3.8.0
Show
View Real Time Build Order
Export as new Build Order

Comments (0)

There are no comments. Be the first!

Create an account to comment!